cohdb
Replays
Latest Replays
All Replays
Popular Replays
Top Player Replays
Match Explorer
How It Works
Community
CoH3 Stats
Reddit
Sign in to upload your games and track your stats! →
Sign in with Steam
Match 41206510
Unlisted
Match 41206510
Overview
Messages
Build Orders
End
Construct Infanterie Kompanie
Selects Terror Battlegroup
Selects Machine Gun Camouflage
MG 42 Machine Gun Team
Grenadier Squad
Grenadier Squad
Construct Panzergrenadier Kompanie
Selects Contempt for the Weak
Panzergrenadier Squad
251 Medium Carrier
Panzergrenadier Squad
Support Elements
StuG III G Assault Gun
Selects Jericho Trumpet
Panzergrenadier Officer Quarters
Jericho Trumpet
Construct Panzer Kompanie
Medical Station
StuG III G Assault Gun
Selects V1 Rocket Strike
Pioneer Squad
Kirbyt610
kscott2084
[HAN]Diederick Kastner
XandersXIV
Fanny
IronPixie
Commander Z
Play4Fun(Dk)
0
0
Comments
sign in to comment!
No comments posted yet!